 Dungeon Crawl Stone Soup version 0.32-a0-163-g159c032296 (webtiles) character file.

Game seed: 8981441263534599244

1422 CougarLife the Cleaver (level 8, -2/74 HPs)
             Began as a Minotaur Fighter on Feb 11, 2024.
             Slain by a gnoll sergeant
             ... wielding a +0 trident
              (14 damage)
             ... on level 6 of the Dungeon.
             The game lasted 00:05:38 (5312 turns).

CougarLife the Cleaver (Minotaur Fighter)           Turns: 5312, Time: 00:05:38

Health: -2/74      AC:  8    Str: 23    XL:     8   Next: 44%
Magic:  7/7        EV:  8    Int:  5    God:
Gold:   93         SH:  8    Dex: 10    Spells: 7/7 levels left

rFire   . . .        a - +0 war axe
rCold   . . .        B - +0 kite shield
rNeg    . . .        b - +0 scale mail
rPois   .            (helmet restricted)
rElec   .            (no cloak)
rCorr   .            k - +0 pair of gloves
SInv    +            (no boots)
Will    .....        (no amulet) Stlth
                     v - ring of see invisible
HPRegen 0.32/turn    (no ring)
MPRegen 0.10/turn

%: no passive effects
@: no status effects
A: horns 2, retaliatory headbutt
a: no special abilities


You were on level 6 of the Dungeon.
You visited 1 branch of the dungeon, and saw 6 of its levels.

You collected 294 gold pieces.
You spent 201 gold pieces at shops.

Inventory:

Hand Weapons
 a - a +0 war axe (weapon)
 r - a +1 spear of venom
Armour
 b - a +0 scale mail (worn)
 k - a +0 pair of gloves (worn)
 B - a +0 kite shield (worn)
Jewellery
 v - a ring of see invisible (left hand)
Wands
 x - a wand of charming (14)
 z - a wand of light (10)
Scrolls
 c - a scroll of revelation {unknown}
 d - 2 scrolls of butterflies {unknown}
 g - a scroll of enchant armour
 i - a scroll of fog
 j - 2 scrolls of enchant weapon
 l - 2 scrolls of blinking
 m - 4 scrolls of teleportation {unknown}
 n - a scroll of fear {unknown}
 p - a scroll of amnesia {unknown}
 q - a scroll of noise {unknown}
 u - a scroll of vulnerability {unknown}
 w - 2 scrolls of identify
 y - a scroll of brand weapon {unknown}
Potions
 e - 2 potions of curing
 f - a potion of attraction {unknown}
 h - 3 potions of magic {unknown}
 o - a potion of degeneration {unknown}
 s - a potion of berserk rage {unknown}
 t - 2 potions of brilliance {unknown}


   Skills:
 + Level 8.0 Fighting
 * Level 10.2 Axes
 - Level 4.0 Armour
 - Level 0.4 Dodging
 - Level 4.0 Shields


You had 7 spell levels left.
You didn't know any spells.
Your spell library contained the following spells:

 Spells                   Type           Power      Damage    Failure   Level
 Passage of Golubria      Tloc           0%         N/A       100%        4
 Silence                  Hex/Air        0%         N/A       100%        5
 Lehudib's Crystal Spear  Conj/Erth      0%         10d2      100%        8


Dungeon Overview and Level Annotations

Branches:
Dungeon (6/15)
 Temple: D:4-7

Altars:
Elyvilon
Gozag
Sif Muna

Shops:
D:1 ?   D:5 !:![:

Annotations:
D:5 1 runed translucent door, greenreed's ghost, novice DjSh


Innate Abilities, Weirdness & Mutations

You have a pair of horns on your head.
You reflexively headbutt those who attack you in melee.


Message History

You feel much better.
The orc hits you with a +2 vampiric hand axe!
The orc attacks as it pursues you! You block the orc's attack.
The orc attacks as it pursues you!
The orc hits you with a +2 vampiric hand axe.
The orc attacks as it pursues you! You block the orc's attack.
The orc attacks as it pursues you! The orc barely misses you.
The orc hits you but does no damage.
You slash the orc!
You kill the orc!
You barely miss the gnoll. Your headbutt misses the gnoll.
The gnoll hits you with a +0 flail!
* * * LOW HITPOINT WARNING * * *
You slice the gnoll!!
You kill the gnoll!
You slash the orc!
You kill the orc!
The gnoll sergeant hits you with a +0 trident!
* * * LOW HITPOINT WARNING * * *
Items here: $ ))) ††.
You hit the gnoll sergeant.
The gnoll sergeant is lightly wounded.
The gnoll barely misses you.
The gnoll sergeant hits you but does no damage.
You closely miss the gnoll sergeant. You headbutt the gnoll sergeant.
The gnoll sergeant is moderately wounded.
The gnoll barely misses you.
The gnoll sergeant hits you but does no damage.
You hit the gnoll sergeant.
The gnoll sergeant is moderately wounded.
The gnoll hits you but does no damage.
The gnoll sergeant hits you but does no damage.
You block the gnoll's attack. The gnoll sergeant barely misses you.
You furiously retaliate!
You headbutt the gnoll sergeant. You slash the gnoll sergeant!
You headbutt the gnoll sergeant.
The gnoll sergeant is almost dead.
The gnoll hits you from afar with a +0 spear.
* * * LOW HITPOINT WARNING * * *
The gnoll sergeant hits you with a +0 trident!
You die...

....g.gg.og...#
#############.# #g#
#.# #o# ## #g# ..
#.#
#.###############.#
#.#...........@ggg#
#.......###########
#.......# #.......#
###.......#
..........#
#####.##### ......#
...####


You could see a gnoll sergeant and 2 gnolls.

Vanquished Creatures
  A hornet (D:5)
  A water moccasin (D:6)
  A black bear (D:3)
  A phantom (D:5)
  A centaur (D:5)
  3 scorpions (D:5)
  A bombardier beetle (D:5)
  4 orc priests
  4 hounds
  A sleepcap (D:5)
  3 iguanas (D:5)
  4 orc wizards
  Robin (D:3)
  5 gnolls
  5 adders
  A white imp (D:5)
  8 ribbon worms
  2 dart slugs
  16 orcs
  6 ball pythons
  6 endoplasms
  4 giant cockroaches
  14 goblins
  9 hobgoblins
  4 jackals (D:5)
  5 kobolds
  2 quokkas (D:3)
  6 bats
  3 frilled lizards
  4 rats
126 creatures vanquished.

Notes
Turn   | Place    | Note
-------+----------+-------------------------------------------
     0 | D:1      | CougarLife the Minotaur Fighter began the quest for the
                  | Orb.
     0 | D:1      | Reached XP level 1. HP: 19/19 MP: 0/0
    74 | D:1      | Reached XP level 2. HP: 26/27 MP: 1/1
   509 | D:1      | Found Raofewn's Magic Scroll Emporium.
   512 | D:1      | Bought a scroll of identify for 24 gold pieces
   914 | D:2      | Reached skill level 3 in Axes
   914 | D:2      | Reached XP level 3. HP: 33/33 MP: 2/2
  1145 | D:2      | You fall into a shaft and drop 2 floors!
  1198 | D:4      | Reached skill level 4 in Axes
  1198 | D:4      | Reached XP level 4. HP: 32/41 MP: 3/3
  1245 | D:3      | Noticed a black bear
  1250 | D:3      | Killed a black bear
  1251 | D:3      | Reached skill level 5 in Fighting
  1251 | D:3      | Reached skill level 5 in Axes
  1251 | D:3      | Reached XP level 5. HP: 45/48 MP: 4/4
  1444 | D:2      | Found a white marble altar of Elyvilon.
  2012 | D:3      | Found an opulent altar of Gozag.
  2044 | D:3      | Noticed Robin
  2068 | D:3      | Killed Robin
  2160 | D:3      | Identified the +4 dagger of Niuchoes {flame, rPois MP+9
                  | Int+2}
  2252 | D:3      | Reached skill level 6 in Axes
  2252 | D:3      | Reached XP level 6. HP: 21/56 MP: 5/5
  3321 | D:4      | Found a shimmering blue altar of Sif Muna.
  3488 | D:5      | Entered Level 5 of the Dungeon
  3502 | D:5      | Reached skill level 7 in Axes
  3809 | D:4      | Reached XP level 7. HP: 59/63 MP: 6/6
  3875 | D:5      | Found Memynk's Book Boutique.
  4079 | D:5      | Found Vaucoj's Book Shop.
  4098 | D:5      | Reached skill level 8 in Axes
  4170 | D:5      | Found Qymu Riy's Distillery.
  4173 | D:5      | Found Tejihom's Antique Armour Emporium.
  4202 | D:5      | Bought a potion of heal wounds for 65 gold pieces
  4206 | D:5      | Bought a kite shield for 112 gold pieces
  4291 | D:5      | Noticed a hornet
  4299 | D:5      | Killed a hornet
  4300 | D:5      | Reached skill level 9 in Axes
  4300 | D:5      | Reached XP level 8. HP: 27/73 MP: 7/7
  4610 | D:5      | Found Itevvollymp's Distillery.
  4698 | D:5      | Found a runed translucent door.
  4698 | D:5      | Noticed greenreed's ghost (novice DjSh)
  5278 | D:6      | Reached skill level 10 in Axes
  5312 | D:6      | Slain by a gnoll sergeant

Illustrated notes

Levels and vault maps discovered:
D:1:      ncdulo_watergridlock, layout_loops_cross, serial_shops,
          nicolae_shop_behind_doors, roderic_lattice_a, supply_closet_lemuel,
          minmay_misc_feat_tower
D:2:      layout_basic, basic_altar, chequers_arboretum, kennysheep_potato
D:3:      layout_basic, nicolae_gozag_cash_rules_everything_around_me,
          uniq_robin
D:4:      layout_rooms, hellmonk_sif_muna_bookshelves,
          dreamdust_mushroom_princess
D:5:      layout_loops_ring, gammafunk_ghost_grave, serial_shops,
          kennysheep_mini_moat, shop, shop, nicolae_shop_tiny_statue_garden,
          nicolae_shop_advertising_works [nicolae_subvault_shop_adworks],
          hangedman_decor_opposing, hex_large, nicolae_wormholes
D:6:      layout_basic, zin_scriptorium, minmay_temple_entry_sparse_star,
          st_stairs_4, minmay_small_thing, uniq_maggie

Skill      XL: |  1  2  3  4  5  6  7  8 |
---------------+-------------------------+-----
Armour         | 4 |  4.0
Shields        | 4 |  4.0
Fighting       | 4 5 6 7 8 |  8.0
Axes           | 3 4 5 6 7 9 10 | 10.2
Dodging        | |  0.4

Action                     |  1- 3 |  4- 6 |  7- 9 || total
---------------------------+-------+-------+-------++-------
  Melee: War axe           |    45 |   143 |    87 ||   275
         Headbutt          |     4 |    19 |    20 ||    43
    Use: Scroll            |     2 |     3 |       ||     5
         Potion            |       |       |     4 ||     4
 Armour: Scale mail        |    31 |   141 |    61 ||   233
  Dodge: Dodged            |    20 |    80 |    40 ||   140
  Block: Buckler           |     7 |    41 |     3 ||    51
         Kite shield       |       |       |    38 ||    38

Table legend: (Time is in decaauts)
 A = Elapsed time spent in this place.
 B = Non-inter-level travel time spent in this place.
 C = Inter-level travel time spent in this place.
 D = Time resting spent in this place.
 E = Time spent auto-exploring this place.
 F = Levels seen in this place.
 G = Mean time per level.
                   A        B        C        D        E       F      G
               +--------+--------+--------+--------+--------+-----+--------+
         Total |   5381 |   5202 |    179 |   1008 |   3372 |   6 |  896.8 |
       Dungeon |   5381 |   5202 |    179 |   1008 |   3372 |   6 |  896.8 |
               +--------+--------+--------+--------+--------+-----+--------+

Top non-repeatable levels by time:
     D:5: 1726 daAuts
     D:3: 1181 daAuts
     D:1: 952 daAuts
     D:2: 844 daAuts
     D:4: 565 daAuts
     D:6: 110 daAuts
